 Dungeon Crawl Stone Soup version 0.18.1-48-g4cf74bf (webtiles) character file.

63 Alarkh the Cudgeler (level 3, -4/27 HPs)
             Began as a Mummy Skald on Sept 11, 2016.
             Slain by Terence
             ... wielding a +0 mace
              (7 damage)
             ... on level 2 of the Dungeon.
             The game lasted 00:03:11 (1965 turns).

Alarkh the Cudgeler (Mummy Skald)                   Turns: 1965, Time: 00:03:12

Health: -4/27      AC:  6    Str: 15    XL:     3   Next: 87%
Magic:  2/6        EV: 11    Int: 12    God:
Gold:   72         SH:  0    Dex: 11    Spells: 3 memorised, 0 levels left

rFire  . . .     SeeInvis .     a - +0 mace (curse)
rCold  . . .     Gourm    .     b - +0 leather armour
rNeg   + + +     Faith    .     (no shield)
rPois  ∞         Spirit   .     (no helmet)
rElec  .         Dismiss  .     (no cloak)
rCorr  .         Reflect  .     k - +2 pair of gloves
SustAt .         Harm     .     (no boots)
MR     .....                    (no amulet)
Stlth  +.........               (no ring)
                                n - ring of fire

@: very slightly contaminated, slowed, very slow, not resistant to hostile
enchantments, very unstealthy
A: no food or potions, fire vulnerability, cold resistance 1, negative energy
resistance 3, torment resistance, unbreathing
a: no special abilities


You were on level 2 of the Dungeon.
You were not hungry.

You visited 1 branch of the dungeon, and saw 2 of its levels.

You collected 72 gold pieces.

Inventory:

Hand Weapons
 a - a cursed +0 mace (weapon)
Armour
 b - a +0 leather armour (worn)
 k - a +2 pair of gloves (worn)
Jewellery
 h - an uncursed ring of teleportation
 n - a ring of fire (left hand)
Scrolls
 d - 3 scrolls of amnesia
 e - a scroll of identify
 f - a scroll of noise
 i - a scroll of magic mapping
 m - a scroll of remove curse
Books
 c - a book of Battle

   Spells                             Type                      Level
   a - Infusion                       Charms                       1
   b - Shroud of Golubria             Charms/Translocation         2
   c - Song of Slaying                Charms                       2
   d - Spectral Weapon                Hexes/Charms                 3
   e - Regeneration                   Charms/Necromancy            3


   Skills:
 - Level 2.0 Fighting
 + Level 3.4 Maces & Flails
 - Level 0.7 Armour
 - Level 0.7 Dodging
 - Level 2.0 Spellcasting
 - Level 2.4 Charms


You couldn't memorise any spells.
You knew the following spells:

 Your Spells              Type           Power        Failure   Level  Hunger
a - Infusion              Chrm           #...         14%         1    N/A
b - Shroud of Golubria    Chrm/Tloc      #.........   34%         2    N/A
c - Spectral Weapon       Hex/Chrm       #.......     69%         3    N/A

Dungeon Overview and Level Annotations

Branches:
Dungeon (2/15)

Altars:
Cheibriados
Dithmenos

Annotations:
D:2 Terence


Innate Abilities, Weirdness & Mutations

You do not eat or drink.
Your flesh is vulnerable to fire.
You are immune to poison.
Your flesh is cold resistant.
You are immune to negative energy.
You are immune to unholy pain and torment.
You can survive without breathing.


Message History

Terence is heavily wounded.
Terence barely misses you.
You hit Terence but do no damage.
Terence is heavily wounded.
Terence says, "Did you write a will?
You should..."
Terence hits you with a mace. x2
* * * LOW HITPOINT WARNING * * *
You barely miss Terence.
Terence is heavily wounded.
Terence closely misses you.
You barely miss Terence.
Terence is heavily wounded.
Terence hits you with a mace.
* * * LOW HITPOINT WARNING * * *
Terence hits you with a mace.
* * * LOW HITPOINT WARNING * * *
You hit Terence.
Terence is severely wounded.
Terence hits you with a mace!
You die...

#.......[..# #%.........#
#..........# #..........# #
#.......[..# ### #..........#
..#### #..........# #....#
#...@......# ####.###
#...@......# #######
.......######..........###.....#
###..%..................##.....#
*###########.........#........#
*,,,,* ##..##.#..####.....#
**,,,,**** #.###.#..######.###
#*,,,,,,,#####.# #.####......#
#*,***,,*#.....# #.# #..######
#*,**,,*##.##### #.###.##


You could see Terence.

Vanquished Creatures
  An adder (D:2)
  An ooze (D:1)
  A worm (D:2)
  3 dart slugs (D:1)
  2 giant cockroaches
  A goblin (D:2)
  8 hobgoblins
  5 kobolds (D:1)
  A quokka (D:2)
  10 bats
  4 giant newts
  3 rats
40 creatures vanquished.

Notes
Turn   | Place    | Note
--------------------------------------------------------------
     0 | D:1      | Alarkh the Mummy Skald began the quest for the Orb.
     0 | D:1      | Reached XP level 1. HP: 16/16 MP: 3/3
    42 | D:1      | Reached skill level 2 in Maces & Flails
   267 | D:1      | Reached XP level 2. HP: 22/22 MP: 1/5
   584 | D:1      | Reached XP level 3. HP: 22/27 MP: 4/6
   720 | D:1      | Reached skill level 3 in Maces & Flails
   907 | D:2      | Noticed Terence
   933 | D:1      | Learned a level 2 spell: Shroud of Golubria
   937 | D:1      | Learned a level 3 spell: Spectral Weapon
  1514 | D:2      | Found a snail-covered altar of Cheibriados.
  1551 | D:2      | Found a shadowy altar of Dithmenos.
  1965 | D:2      | Slain by Terence

Skill      XL: |  1  2  3 |
---------------+----------+-----
Maces & Flails | 2 3 |  3.4
Fighting       | |  2.0
Armour         | |  0.7
Dodging        | |  0.7
Spellcasting   | |  2.0
Charms         | |  2.4

Action                   || total
-------------------------++-------
Melee: Mace              ||   166
 Cast: Infusion          ||    16
       Shroud of Golubri ||     1
  Use: Scroll            ||     8
Armor: Leather armour    ||    75
Dodge: Dodged            ||   165
